 Dungeon Crawl Stone Soup version 0.28-a0-1629-gf728b707aa (webtiles) character file.

Game seed: 13306060097400525652

9251 fragbeetle the Spear-Bearer (level 11, -2/83 HPs)
             Began as a Merfolk Ice Elementalist on Jan 25, 2022.
             Was a Priest of Sif Muna.
             Slain by Snorg (19 damage)
             ... on level 10 of the Dungeon.
             The game lasted 00:27:13 (12566 turns).

fragbeetle the Spear-Bearer (MfIE)                 Turns: 12566, Time: 00:27:14

Health: -2/83      AC:  8    Str:  9    XL:     11   Next: 43%
Magic:  15/19      EV: 18    Int: 16    God:    Sif Muna [***...]
Gold:   550        SH:  0    Dex: 21    Spells: 7/21 levels left

rFire   . . .      SeeInvis .   J - +3 scythe
rCold   . . .      Faith    .   (shield currently unavailable)
rNeg    . . .      Spirit   .   S - +0 steam dragon scales
rPois   .          Reflect  .   W - +2 hat
rElec   .          Harm     .   (no cloak)
rCorr   .          Rampage  .   a - +0 pair of gloves
Will    +....                   (no boots)
Stlth   +++.......              (no amulet)
HPRegen 0.23/turn               U - +4 ring of slaying
MPRegen 0.16/turn               x - ring of the Harvest {Will+ Dex+4}

@: mighty, flying
A: (nimble swimmer 2), mertail
a: Renounce Religion, Channel Magic, Forget Spell


You were on level 10 of the Dungeon.
You worshipped Sif Muna.
Sif Muna was most pleased with you.
You visited 2 branches of the dungeon, and saw 11 of its levels.

You collected 550 gold pieces.

Inventory:

Hand Weapons
 p - the +0 flail "Gyciugir" {freeze, Str-2 Int+6}
   (You took it off an orc on level 3 of the Dungeon)

   It freezes those it strikes, dealing additional cold damage.
   It can also slow down cold-blooded creatures.
   Str:       It affects your strength (-2).
   Int:       It affects your intelligence (+6).
 u - a +6 flail of venom
 J - a +3 scythe (weapon)
 M - a +5 morningstar
Missiles
 v - 5 datura-tipped darts
 A - 3 throwing nets
 E - 5 silver javelins
 F - 3 boomerangs (quivered)
 Q - 14 poisoned darts
 R - 2 curare-tipped darts
Armour
 a - a +0 pair of gloves (worn)
 s - a +2 robe of willpower
 t - a +0 troll leather armour
 S - +0 steam dragon scales (worn)
 W - a +2 hat (worn)
Magical Staves
 m - a staff of conjuration
 q - a staff of poison
Jewellery
 d - a +6 ring of dexterity
 e - a ring of wizardry
 x - the ring of the Harvest (right hand) {Will+ Dex+4}
   (You found it on level 4 of the Dungeon)

   [ring of willpower]

   Dex:       It affects your dexterity (+4).
   Will:      It increases your willpower.
 C - a ring of wizardry
 U - a +4 ring of slaying (left hand)
Wands
 o - a wand of acid (2)
 w - a wand of flame (15)
 z - a wand of digging (4)
 H - a wand of polymorph (4)
 T - a wand of iceblast (9)
Scrolls
 b - a scroll of amnesia {unknown}
 f - 7 scrolls of identify {unknown}
 j - 2 scrolls of noise {unknown}
 k - a scroll of silence {unknown}
 l - 4 scrolls of enchant armour {unknown}
 y - 2 scrolls of fear {unknown}
 B - 2 scrolls of acquirement {unknown}
 L - a scroll of torment {unknown}
 N - 4 scrolls of teleportation {unknown}
 P - a scroll of vulnerability {unknown}
 V - a scroll of summoning {unknown}
Potions
 c - 3 potions of curing {unknown}
 g - 4 potions of might
 h - 2 potions of flight
 i - 2 potions of berserk rage {unknown}
 n - 3 potions of ambrosia {unknown}
 r - a potion of lignification {unknown}
 D - 2 potions of attraction {unknown}
 K - a potion of magic {unknown}
 O - a potion of invisibility {unknown}
 X - a potion of haste {unknown}
Miscellaneous
 I - a piece from Xom's chessboard (15/15)


   Skills:
 + Level 6.6 Fighting
 * Level 11.0 Polearms
 + Level 8.6 Dodging
 - Level 3.6 Stealth
 + Level 5.5 Spellcasting
 + Level 4.7 Conjurations
 + Level 5.4 Hexes
 * Level 10.0 Ice Magic
 - Level 1.0 Poison Magic


You had 7 spell levels left.
You knew the following spells:

 Your Spells              Type           Power      Damage    Failure   Level
a - Freeze                Ice            100%       1d11      1%          1
b - Frozen Ramparts       Ice            72%        1d9       1%          3
c - Ozocubu's Armour      Ice            36%        N/A       1%          3
d - Tukima's Dance        Hex            21%        N/A       4%          3
e - Hailstorm             Conj/Ice       28%        3d8       7%          4

Your spell library contained the following spells:

 Spells                   Type           Power      Damage    Failure   Level
 Static Discharge         Conj/Air       12%        N/A       9%          2
 Sticky Flame             Conj/Fire      12%        2d4       47%         4
 Yara's Violent Unravell  Hex/Tmut       6%         3d5       78%         5
 Dispel Undead            Necr           4%         3d7       82%         4
 Passage of Golubria      Tloc           4%         N/A       82%         4


Dungeon Overview and Level Annotations

Branches:
Dungeon (10/15)            Temple (1/1) D:5            Lair (0/6) D:10
    Orc: D:9-12

Altars:
Ashenzari
Cheibriados
Dithmenos
Elyvilon
Fedhas
Gozag
Hepliaklqana
Kikubaaqudgha
Nemelex Xobeh
Okawaru
Qazlal
Ru
Sif Muna
Trog
Uskayaw
Vehumet
Wu Jian
Xom
Yredelemnul
The Shining One

Annotations:
D:7 Harold
D:10 Snorg


Innate Abilities, Weirdness & Mutations

((You are very nimble when in or above water. (Stealth+, EV+, Speed+++)))
Your lower body shifts to a powerful aquatic tail in water.


Message History

You climb downwards.
Level annotation: Snorg
There is a stone staircase leading up here.
Casting: Ozocubu's Armour (safe; 1% risk of failure)
Confirm with . or Enter, or press ? or * to list all spells.
Casting: Frozen Ramparts (safe; 1% risk of failure)
Press: ? - help, Dir - look around, f - activate A stone staircase leading up.
The walls around you are covered in ice.
Snorg shouts!
Snorg goes berserk!
Casting: Frozen Ramparts (safe; 1% risk of failure)
Confirm with . or Enter, or press ? or * to list all spells.
A film of ice covers your body!
Snorg rages.
Unknown command.
You slice Snorg!!
Snorg is lightly wounded.
The wall freezes Snorg.
Snorg completely misses you. Snorg misses you. Snorg claws you!
The wall freezes Snorg.
Snorg closely misses you. Snorg claws you! x2
Unknown command.
Your icy armour and frozen ramparts will break if you move.
Continue?
Your icy armour cracks and falls away as you move.
The frozen ramparts melt away as you move.
Snorg bites you! Snorg claws you. Snorg closely misses you. Snorg misses you.
Snorg claws you. Snorg barely misses you. Snorg closely misses you.
Snorg claws you. Snorg barely misses you. Snorg barely misses you.
Snorg claws you!!
* * * LOW HITPOINT WARNING * * *
Snorg completely misses you.
It was a potion of might.
You feel very mighty all of a sudden. Snorg barely misses you.
Snorg completely misses you. Snorg misses you. Snorg barely misses you.
Snorg completely misses you. Snorg closely misses you.
You are too injured to fight recklessly!
It was a potion of flight.
You feel very buoyant.
You fly up into the air.
Snorg closely misses you. Snorg claws you!!
You die...

#)..≈###≈.≈###≈.≈###≈.≈
#...≈≈≈≈≈.≈≈≈≈≈.≈≈≈≈≈.≈
#......................
#..###.................
#..# #.................
#..###..########..#####
#.......# #..#
#....T..# ####
#..###@.# #..# #..#
#..# #..# #..# #..#
#..# #..# #..# #..#
#.<###..########
#..............####+
#........(..o)......


You could see Snorg (berserk).

Vanquished Creatures
  2 two-headed ogres (D:9)
  Urug (D:10)
  A deep elf pyromancer (D:9)
  A troll (D:6)
  2 hornets
  Eustachio (D:6)
  Sigmund (D:4)
  2 wyverns
  A steam dragon (D:8)
  14 yaks
  Edmund (D:6)
  A water moccasin (D:8)
  Duvessa (D:6)
  2 sky beasts (D:6)
  An ice beast (D:8)
  A black bear (D:5)
  2 orc warriors (D:8)
  6 ogres
  2 centaurs
  A phantom (D:5)
  3 bullfrogs
  3 kobold brigands
  A gnoll sergeant (D:9)
  3 scorpions
  A water moccasin zombie (D:6)
  A wyvern skeleton (D:7)
  Dowan (D:6)
  4 wights (D:7)
  2 howler monkeys
  7 electric eels
  2 centaur zombies
  3 bullfrog zombies
  A hound (D:6)
  3 bullfrog skeletons
  5 iguanas
  6 orc wizards
  A killer bee zombie (D:6)
  2 centaur simulacra (D:9)
  2 howler monkey zombies
  5 adders
  10 gnolls
  4 white imps
  2 ufetubi
  5 worms
  4 dart slugs
  27 orcs
  11 ball pythons
  9 endoplasms
  8 hobgoblins
  6 jackals
  30 kobolds
  6 quokkas
  3 bats (D:1)
  2 frilled lizards (D:2)
  8 goblins
  6 rats
  2 butterflies (D:6)
243 creatures vanquished.

Vanquished Creatures (collateral kills)
  An orc priest (D:8)
1 creature vanquished.

Vanquished Creatures (others)
  6 fungi (D:9)
  4 plants
  4 toadstools (D:9)
14 creatures vanquished.

Grand Total: 258 creatures vanquished

Notes
Turn   | Place    | Note
-------+----------+-------------------------------------------
     0 | D:1      | fragbeetle the Merfolk Ice Elementalist began the quest for
                  | the Orb.
     0 | D:1      | Reached XP level 1. HP: 13/13 MP: 3/3
   445 | D:1      | Reached XP level 2. HP: 16/20 MP: 3/5
   939 | D:1      | Reached skill level 1 in Fighting
  1022 | D:1      | Reached XP level 3. HP: 26/26 MP: 6/6
  1255 | D:1      | Found a faded altar of an unknown god.
  1442 | D:2      | Reached skill level 5 in Ice Magic
  1465 | D:2      | Learned a level 3 spell: Frozen Ramparts
  1636 | D:2      | Reached XP level 4. HP: 29/32 MP: 7/7
  2086 | D:2      | Found an ancient bone altar of Kikubaaqudgha.
  2509 | D:3      | Identified the +0 flail "Gyciugir" {freeze, Str-2 Int+6}
  2666 | D:3      | Reached XP level 5. HP: 35/38 MP: 8/8
  3404 | D:4      | Noticed an ogre
  3411 | D:3      | Learned a level 3 spell: Ozocubu's Armour
  3421 | D:4      | Killed an ogre
  3422 | D:4      | Reached skill level 1 in Poison Magic
  3422 | D:4      | Reached XP level 6. HP: 21/45 MP: 2/9
  3585 | D:4      | Noticed Sigmund
  3599 | D:4      | Killed Sigmund
  3600 | D:4      | Reached skill level 1 in Conjurations
  4112 | D:4      | Reached XP level 7. HP: 38/51 MP: 3/10
  4602 | D:4      | Identified the ring of the Harvest {Will+ Dex+4}
  4655 | D:5      | Entered Level 5 of the Dungeon
  4686 | D:5      | Reached skill level 1 in Polearms
  4756 | D:5      | Found a staircase to the Ecumenical Temple.
  4768 | Temple   | Entered the Ecumenical Temple
  4840 | Temple   | Became a worshipper of Sif Muna the Loreminder
  4966 | D:5      | Reached skill level 2 in Polearms
  5109 | D:5      | Reached skill level 5 in Dodging
  5272 | D:5      | Reached skill level 3 in Polearms
  5368 | D:5      | Reached XP level 8. HP: 26/58 MP: 12/12
  5797 | D:5      | Reached skill level 4 in Polearms
  6074 | D:6      | Noticed Eustachio
  6098 | D:6      | Killed Eustachio
  6110 | D:6      | Reached * piety under Sif Muna
  6189 | D:6      | Found a blossoming altar of Fedhas.
  6189 | D:6      | Noticed a troll
  6198 | D:6      | Found a sacrificial altar of Ru.
  6229 | D:6      | Killed a troll
  6230 | D:6      | Reached skill level 5 in Polearms
  6332 | D:6      | Reached XP level 9. HP: 58/65 MP: 14/14
  6343 | D:6      | Reached skill level 6 in Polearms
  6476 | D:6      | Found a shimmering altar of Xom.
  6477 | D:6      | Noticed Duvessa
  6577 | D:6      | Noticed Dowan
  6580 | D:6      | Killed Duvessa
  6588 | D:6      | Killed Dowan
  6755 | D:6      | Noticed Edmund
  6764 | D:6      | Killed Edmund
  6949 | D:6      | Reached skill level 7 in Polearms
  6992 | D:6      | Found a glowing golden altar of the Shining One.
  7154 | D:6      | Learned a level 3 spell: Tukima's Dance
  7293 | D:7      | Reached ** piety under Sif Muna
  7294 | D:7      | Reached skill level 1 in Hexes
  7424 | D:7      | Noticed Harold
  7682 | D:7      | Reached skill level 5 in Fighting
  7935 | D:7      | Found a hazy altar of Hepliaklqana.
  8345 | D:8      | Reached skill level 8 in Polearms
  8345 | D:8      | Reached XP level 10. HP: 36/74 MP: 8/16
  9632 | D:8      | Reached skill level 9 in Polearms
 10289 | D:9      | Noticed a two-headed ogre
 10304 | D:9      | Killed a two-headed ogre
 10304 | D:9      | Reached *** piety under Sif Muna
 10305 | D:9      | Reached skill level 5 in Spellcasting
 10601 | D:9      | Noticed a two-headed ogre
 10755 | D:9      | Reached skill level 10 in Polearms
 10778 | D:9      | Killed a two-headed ogre
 10779 | D:9      | Reached skill level 5 in Hexes
 10779 | D:9      | Reached XP level 11. HP: 51/81 MP: 9/18
 10917 | D:9      | Learned a level 4 spell: Hailstorm
 11044 | D:9      | Noticed a deep elf pyromancer
 11082 | D:9      | Killed a deep elf pyromancer
 11353 | D:9      | Found a snail-covered altar of Cheibriados.
 11922 | D:10     | Entered Level 10 of the Dungeon
 11922 | D:10     | Found a staircase to the Lair.
 12235 | D:10     | Noticed a cyclops
 12290 | D:10     | Noticed Urug
 12291 | D:10     | Noticed Snorg
 12304 | D:10     | Killed Urug
 12305 | D:10     | Reached skill level 11 in Polearms
 12305 | D:10     | Reached skill level 10 in Ice Magic
 12566 | D:10     | Slain by Snorg

Illustrated notes

Levels and vault maps discovered:
D:1:      nzn_arrival_water_spiral, layout_loops_corners,
          hellmonk_ecumenical_altar_arch_garden, kennysheep_minor_cross
D:2:      layout_loops_ring, basic_altar, serial_bayou_pond_d
D:3:      corexii_shack_village, layout_rooms
D:4:      layout_gridville, uniq_sigmund
D:5:      layout_basic, minmay_temple_entry_waves, serial_curves,
          eino_curves_03, eino_curves_03, eino_curves_03, corexii_hall_statues_i
D:6:      layout_rooms, tso_altar, xom_butterflies, jmf_multi_god_temple,
          uniq_eustachio, uniq_duvessa, uniq_edmund
D:7:      layout_basic, worldfamousw_hep_ancestral_shrine,
          kennysheep_small_spiral, uniq_harold
D:8:      layout_basic, minmay_misc_feat_rows
D:9:      layout_rooms, cheibrodos_worm_habitat, serial_ice, serial_ice_h,
          serial_ice_f, serial_ice_c, serial_ice_j, minmay_gold_behind_fungi
D:10:     wad_arrow_thing, layout_small_grid,
          mainiacjoe_overflow_small_starburst, zin_treasury, lair_entry_dummy,
          kennysheep_boxes, uniq_maurice, uniq_snorg, uniq_urug, uniq_maggie,
          uniq_fannar
Temple:   jpeg_temple_clearing

Skill      XL: |  1  2  3  4  5  6  7  8  9 10 11 |
---------------+----------------------------------+-----
Dodging        | 3 4 5 6 7 8 |  8.6
Fighting       | 1 2 3 4 5 6 |  6.6
Ice Magic      | 5 6 7 8 9 10 | 10.0
Stealth        | 3 |  3.6
Poison Magic   | 1 |  1.0
Conjurations   | 1 2 3 4 |  4.7
Polearms       | 3 5 8 10 11 | 11.0
Spellcasting   | 3 4 5 |  5.5
Hexes          | 2 5 |  5.4

Action                   |  1- 3 |  4- 6 |  7- 9 | 10-12 || total
-------------------------+-------+-------+-------+-------++-------
Melee: Unarmed           |     7 |       |       |       ||     7
       Short sword       |    70 |   103 |     3 |       ||   176
       Flail             |       |       |   165 |       ||   165
       Punch             |       |       |     6 |       ||     6
       Scythe            |       |       |    54 |   156 ||   210
Throw: Javelin           |       |       |     8 |       ||     8
       Boomerang         |       |       |     1 |     8 ||     9
 Cast: Freeze            |    22 |     6 |     9 |       ||    37
       Frozen Ramparts   |       |     6 |    25 |    24 ||    55
       Ozocubu's Armour  |       |     2 |    17 |    21 ||    40
       Tukima's Dance    |       |       |       |     3 ||     3
  Use: Potion            |       |       |       |     2 ||     2
 Stab: Sleeping          |     4 |    13 |     5 |     1 ||    23
       Distracted        |       |       |       |     1 ||     1
Armor: Robe              |    13 |     6 |    56 |     9 ||    84
       Steam dragon scal |       |       |       |    29 ||    29
Dodge: Dodged            |    68 |    63 |   218 |   205 ||   554

Table legend: (Time is in decaauts)
 A = Elapsed time spent in this place.
 B = Non-inter-level travel time spent in this place.
 C = Inter-level travel time spent in this place.
 D = Time resting spent in this place.
 E = Time spent auto-exploring this place.
 F = Levels seen in this place.
 G = Mean time per level.
                   A        B        C        D        E       F      G
               +--------+--------+--------+--------+--------+-----+--------+
         Total |  12736 |  12368 |    368 |    574 |   9194 |  11 | 1157.8 |
       Dungeon |  12643 |  12295 |    348 |    574 |   9139 |  10 | 1264.3 |
        Temple |     92 |     72 |     20 |      0 |     55 |   1 |   92.0 |
               +--------+--------+--------+--------+--------+-----+--------+

Top non-repeatable levels by time:
     D:8: 2021 daAuts
     D:9: 1798 daAuts
     D:1: 1407 daAuts
     D:5: 1344 daAuts
     D:4: 1251 daAuts
     D:6: 1180 daAuts
     D:7: 1142 daAuts
     D:3: 1093 daAuts
     D:2: 912 daAuts
    D:10: 490 daAuts
  Temple: 92 daAuts
